Map: [ESL] Ghost River

Players

Scarlett

  • Race: Zerg Zerg
  • Spawn Location: 1:00

Astrea - Winner!

  • Race: Protoss Protoss
  • Spawn Location: 11:00

Event: ESL Spring 2024 Finals

VOD

Have the link to the VOD?

Description

Time

  • Played on: June 1, 2024, 12:16 p.m.
  • Length: 20:16

All games in this series

Show
View Real Time Build Order
Export as new Build Order

Scarlett Zerg 

Build Orders: Pool First 

Get SALT Encoding   

  12  0:00  Drone  
  13  0:13  Overlord  
  13  0:17  Drone  
  14  0:31  Drone x2  
  16  0:46  Drone  
  16  0:47  Drone  
  18  0:51  Extractor  
  18  0:53  Spawning Pool  
  16  1:11  Hatchery  
  15  1:14  Drone  
  15  1:18  Drone  
  17  1:22  Drone  
  18  1:31  Drone  
  19  1:40  Zergling x2  
  19  1:41  Queen  
  22  1:55  Metabolic Boost  
  22  1:56  Overlord  
  22  2:11  Roach Warren  
  21  2:17  Zergling x4  
  28  2:51  Roach x3  
  28  2:53  Roach x3  
  28  2:54  Overlord  
  34  3:00  Zergling x4  
  36  3:13  Zergling x6  
  36  3:16  Overlord  
  36  3:19  Ravager  
  40  3:22  Zergling x2  
  40  3:24  Zergling x4  
  43  3:32  Zergling x2  
  44  3:35  Zergling x4  
  44  3:39  Zergling x2  
  46  3:48  Ravager  
  46  3:49  Zergling x4  
  47  3:58  Zergling x2  
  47  4:02  Zergling x2  
  45  4:07  Queen  
  43  4:16  Zergling x4  
  43  4:18  Zergling x2  
  43  4:20  Zergling x2  
  41  4:25  Ravager  
  41  4:29  Zergling x2  
  41  4:31  Zergling x2  
  38  4:42  Zergling x4  
  38  4:45  Queen  
  38  4:56  Zergling x2  
  38  4:57  Zergling x2  
  37  5:01  Roach  
  37  5:04  Roach  
  39  5:14  Roach  
  41  5:20  Overlord  
  41  5:23  Zergling x8  
  45  5:32  Ravager  
  45  5:33  Zergling x2  
  47  5:38  Zergling x2  
  48  5:43  Ravager  
  48  5:44  Zergling x2  
  48  5:48  Zergling x2  
  50  5:52  Zergling x6  
  50  5:56  Zergling x2  
  46  5:59  Zergling x2  
  46  6:01  Zergling x6  
  49  6:08  Roach  
  49  6:10  Roach  
  51  6:19  Zergling x2  
  51  6:23  Zergling x2  
  53  6:31  Zergling x4  
  55  6:35  Zergling x10  
  59  6:45  Overlord  
  56  6:49  Overlord  
  56  6:54  Zergling x2  
  53  7:00  Ravager  
  48  7:02  Zergling x8  
  49  7:09  Zergling x2  
  49  7:10  Zergling x2  
  45  7:23  Zergling x2  
  45  7:24  Zergling x8  
  45  7:35  Drone x2  
  47  7:46  Zergling x4  
  49  7:56  Zergling x4  
  51  8:01  Zergling x2  
  51  8:03  Queen x2  
  56  8:06  Ravager  
  50  8:20  Drone  
  50  8:21  Drone x2  
  51  8:29  Drone x2  
  53  8:37  Drone  
  53  8:39  Queen x2  
  58  8:45  Roach x2  
  59  9:01  Hatchery  
  58  9:06  Ravager  
  59  9:10  Drone  
  59  9:11  Drone x3  
  63  9:19  Overlord  
  63  9:24  Overlord  
  63  9:25  Drone x2  
  65  9:31  Drone, Overlord  
  65  9:36  Drone  
  67  9:38  Extractor  
  67  9:42  Drone x2  
  68  9:46  Ravager  
  68  9:51  Drone x6  
  74  10:02  Drone  
  74  10:03  Spore Crawler  
  74  10:04  Drone  
  75  10:09  Overlord  
  75  10:17  Overlord, Baneling Nest  
  75  10:18  Queen  
  75  10:19  Drone  
  77  10:23  Roach  
  77  10:26  Roach Warren  
  78  10:29  Drone  
  78  10:34  Zergling x10  
  82  10:41  Drone  
  83  10:52  Drone  
  83  10:55  Drone  
  85  11:03  Drone  
  86  11:05  Hatchery  
  83  11:12  Zergling x20  
  93  11:20  Roach x4  
  101  11:33  Zergling x10  
  101  11:34  Overlord  
  106  11:40  Zergling x6  
  108  11:54  Zergling x16, Roach  
  118  11:56  Ravager  
  118  12:00  Zergling x2  
  117  12:02  Ravager x3  
  120  12:12  Zergling x20  
  130  12:18  Zergling x4  
  129  12:24  Zergling x8  
  129  12:28  Baneling x13  
  133  12:31  Zergling x6  
  133  12:37  Overlord x2  
  136  12:47  Overlord  
  123  13:03  Zergling x18  
  107  13:08  Zergling x14  
  93  13:20  Zergling x10  
  92  13:29  Drone  
  92  13:30  Roach x4  
  103  13:34  Roach x2  
  105  13:41  Roach x4  
  105  13:45  Hatchery  
  112  13:53  Zergling x12  
  112  13:54  Ravager  
  112  13:55  Ravager x2  
  111  14:09  Zergling x16  
  112  14:16  Ravager  
  104  14:20  Zergling x10  
  105  14:26  Zergling x8  
  105  14:27  Ravager  
  107  14:31  Baneling x2  
  107  14:32  Zergling x2  
  106  14:38  Zergling x10  
  110  14:46  Zergling x8  
  114  14:58  Zergling x4, Roach x5  
  123  15:02  Zergling x2, Roach  
  102  15:15  Zergling x12, Roach x3  
  113  15:21  Roach x2  
  113  15:25  Zergling x6  
  120  15:35  Zergling x2  
  120  15:36  Zergling x6, Roach x3  
  130  15:47  Zergling x14  
  132  15:55  Zergling x8  
  136  16:01  Zergling x14  
  143  16:15  Baneling x6  
  143  16:16  Zergling x18  
  152  16:24  Overlord x4  
  148  16:51  Zergling x32  
  153  17:06  Roach x8  
  128  17:16  Zergling x10  
  128  17:23  Zergling x10  
  134  17:30  Zergling x8  
  134  17:35  Ravager  
  134  17:36  Ravager x2  
  140  17:38  Zergling x6  
  140  17:43  Zergling x8  
  147  17:50  Zergling x12  
  152  18:00  Zergling x12  
  152  18:01  Zergling x2  
  158  18:15  Zergling x20  
  165  18:22  Zergling x10  
  165  18:29  Zergling x12  
  137  18:36  Zergling x6  
  120  18:51  Zergling x20  
  118  18:58  Roach x3  
  96  19:05  Roach x3  
  86  19:16  Roach x4  
  94  19:19  Zergling x2, Roach  
  94  19:22  Hatchery  
  96  19:26  Zergling x8  
  96  19:29  Zergling x2, Extractor x2  
  96  19:30  Zergling x2  
  100  19:34  Zergling x2  
  101  19:39  Zergling x4  
  101  19:43  Zergling x2  
  101  19:44  Zergling x12  
  110  19:49  Ravager  
  110  19:50  Zergling x6  
  114  19:53  Zergling x4  
Show
View Real Time Build Order
Export as new Build Order

Astrea Protoss - Winner!

Build Orders: 1 Gate Expand 

Get SALT Encoding   

  12  0:00  Probe  
  13  0:12  Probe  
  14  0:18  Pylon  
  14  0:24  Probe (Chrono Boost)  
  15  0:36  Probe (Chrono Boost)  
  15  0:41  Gateway  
  16  0:45  Probe (Chrono Boost)  
  16  0:49  Assimilator  
  17  0:51  Probe  
  18  1:03  Probe  
  19  1:15  Probe  
  20  1:28  Cybernetics Core  
  20  1:34  Nexus  
  20  1:37  Probe  
  21  1:43  Pylon  
  21  1:49  Probe  
  22  1:54  Assimilator  
  22  2:02  Adept (Chrono Boost), Probe  
  22  2:05  Warp Gate  
  25  2:14  Probe  
  21  2:22  Adept (Chrono Boost)  
  26  2:26  Probe  
  29  2:33  Robotics Facility  
  29  2:38  Probe  
  30  2:46  Probe  
  30  2:51  Probe  
  32  2:52  Gateway, Sentry  
  32  2:58  Probe  
  35  3:03  Probe  
  36  3:09  Pylon  
  36  3:10  Probe  
  37  3:15  Sentry, Probe  
  37  3:17  Warp Prism (Chrono Boost)  
  40  3:22  Probe  
  43  3:28  Probe  
  44  3:40  Probe  
  46  3:44  Shield Battery, Immortal (Chrono Boost)  
  49  3:53  Stalker x2  
  53  3:57  Pylon  
  50  4:07  Pylon  
  44  4:18  Adept  
  44  4:19  Adept  
  38  4:33  Immortal (Chrono Boost)  
  40  4:43  Adept  
  38  5:01  Probe x2  
  38  5:05  Immortal (Chrono Boost)  
  44  5:15  Pylon, Probe  
  45  5:23  Probe  
  46  5:29  Pylon  
  46  5:33  Probe  
  47  5:35  Probe  
  47  5:39  Observer  
  47  5:41  Pylon  
  49  5:45  Sentry, Probe  
  52  5:52  Probe  
  51  5:58  Probe  
  44  6:05  Cybernetics Core  
  44  6:11  Zealot x2  
  46  6:20  Immortal (Chrono Boost)  
  50  6:30  Zealot  
  52  6:48  Zealot  
  52  6:49  Immortal (Chrono Boost)  
  52  6:53  Shield Battery  
  58  6:57  Probe  
  49  7:02  Shield Battery  
  45  7:24  Immortal (Chrono Boost)  
  45  7:29  Probe x2  
  50  7:38  Pylon  
  50  7:44  Shield Battery  
  51  8:00  Immortal (Chrono Boost)  
  51  8:02  Shield Battery  
  54  8:10  Zealot  
  56  8:19  Gateway  
  54  8:21  Shield Battery, Probe x2  
  56  8:40  Probe x2  
  58  8:53  Probe x2  
  60  9:09  Pylon  
  60  9:12  Pylon  
  60  9:18  Sentry  
  62  9:24  Immortal (Chrono Boost)  
  62  9:28  Probe  
  67  9:35  Probe  
  68  9:40  Forge, Probe  
  68  9:43  Twilight Council  
  69  9:53  Probe  
  69  9:54  Probe, Immortal (Chrono Boost)  
  69  9:58  Pylon  
  75  10:01  Pylon  
  75  10:03  Assimilator x2  
  75  10:16  Protoss Ground Weapons Level 1 (Chrono Boost)  
  75  10:22  Charge  
  75  10:25  Templar Archives  
  75  10:33  Immortal (Chrono Boost)  
  75  10:42  Probe  
  81  10:49  Gateway x2  
  81  10:54  Gateway  
  80  10:57  Shield Battery  
  80  11:04  Pylon  
  80  11:15  Immortal  
  84  11:47  Zealot, High Templar x2  
  85  11:49  Nexus  
  85  11:51  Archon  
  85  11:53  Pylon  
  89  12:02  Immortal  
  89  12:08  Probe x2  
  95  12:12  Pylon  
  95  12:14  High Templar x2  
  99  12:18  Archon  
  99  12:20  Shield Battery, Probe  
  100  12:24  Probe  
  101  12:31  High Templar x2  
  101  12:32  Pylon, Probe  
  101  12:35  Protoss Ground Weapons Level 2 (Chrono Boost)  
  106  12:40  Probe  
  106  12:41  Archon  
  107  12:44  Probe  
  108  12:53  Probe  
  107  13:02  Zealot x2  
  107  13:03  Probe  
  88  13:06  Immortal (Chrono Boost)  
  88  13:07  Probe x2  
  82  13:14  Zealot  
  82  13:15  Zealot  
  73  13:21  Probe x2  
  73  13:25  High Templar x2  
  78  13:29  Pylon  
  78  13:30  Archon  
  78  13:32  Probe  
  78  13:33  Probe x2  
  80  13:36  Observer (Chrono Boost), High Templar  
  80  13:37  High Templar  
  80  13:41  Archon  
  85  13:42  Shield Battery  
  85  13:44  Probe  
  86  13:59  Immortal (Chrono Boost)  
  86  14:02  Zealot x2  
  91  14:15  Zealot x2  
  91  14:16  Probe  
  83  14:20  Probe  
  77  14:24  Zealot x2  
  80  14:32  Probe x3  
  83  14:41  High Templar x2  
  83  14:44  Probe x2  
  83  14:45  Probe  
  90  14:46  Archon  
  90  14:50  Zealot  
  92  14:52  Zealot  
  92  14:56  Probe x2  
  87  15:11  Zealot  
  82  15:15  High Templar x2  
  82  15:16  Probe (Chrono Boost)  
  82  15:18  Probe (Chrono Boost)  
  82  15:19  Probe (Chrono Boost)  
  89  15:25  Zealot, Archon  
  92  15:28  Probe (Chrono Boost)  
  92  15:30  Probe (Chrono Boost)  
  92  15:31  Probe (Chrono Boost)  
  92  15:34  Immortal (Chrono Boost)  
  98  15:36  Probe (Chrono Boost)  
  98  15:37  Probe (Chrono Boost)  
  100  15:43  Zealot  
  100  15:44  Probe  
  103  15:50  Probe x2, High Templar x2  
  103  15:54  Archon  
  103  15:56  Probe  
  110  16:04  Probe (Chrono Boost)  
  111  16:06  Probe (Chrono Boost)  
  113  16:11  Psionic Storm  
  113  16:13  Probe (Chrono Boost)  
  113  16:17  Assimilator  
  113  16:18  Probe (Chrono Boost)  
  115  16:20  Probe (Chrono Boost)  
  115  16:21  Assimilator  
  115  16:23  Probe x2 (Chrono Boost)  
  117  16:26  Probe  
  117  16:27  High Templar x2  
  122  16:42  Archon  
  122  16:46  Zealot x2  
  123  17:03  Zealot  
  123  17:04  Zealot  
  123  17:06  Probe x2  
  117  17:20  Shield Battery  
  117  17:29  Protoss Ground Weapons Level 3 (Chrono Boost), Pylon x2  
  117  17:37  High Templar  
  117  17:40  Shield Battery  
  118  17:50  Probe, Immortal  
  118  17:51  Probe x2  
  125  17:55  Zealot x2  
  129  18:01  High Templar  
  131  18:06  Pylon  
  131  18:17  High Templar  
  133  18:21  Nexus  
  133  18:25  Zealot x2  
  123  18:39  Zealot  
  110  18:49  Zealot x3  
  104  18:58  Probe  
  91  19:06  Immortal (Chrono Boost)  
  91  19:07  Probe  
  91  19:09  Pylon  
  97  19:10  Probe x2  
  98  19:17  High Templar x3  
  98  19:19  Probe  
  98  19:22  Probe x2  
  98  19:23  Pylon  
  107  19:25  Shield Battery  
  107  19:31  Probe  
  107  19:34  Probe  
  107  19:38  Probe (Chrono Boost)  
  111  19:39  Probe (Chrono Boost)  
  111  19:40  Immortal (Chrono Boost)  
  111  19:44  Probe (Chrono Boost)  
  116  19:46  High Templar  
  116  19:50  Probe (Chrono Boost)  
  116  19:51  Shield Battery  
  116  19:52  Probe (Chrono Boost)  
  121  19:53  Assimilator  
  121  19:55  Assimilator, Probe (Chrono Boost)  
  121  19:56  Probe (Chrono Boost)  
  121  19:57  Zealot x2  
  121  19:58  Probe (Chrono Boost)  
  128  20:00  Probe (Chrono Boost)  
Tags
 
Add a new tag
Caveats
  • Supply blocks, unpowered buildings, or Contaminate may cause inaccurate times.
  • Supply counts are checked every 10 seconds.